 Dungeon Crawl Stone Soup version 0.28.0-53-g5a82cb258f (webtiles) character file.

Game seed: 18213366350602857282

1843 DemonSlayer the Firebug (level 8, -17/56 HPs)
             Began as a Demonspawn Fire Elementalist on July 3, 2022.
             Was a Believer of Cheibriados.
             Demolished by an orc knight
             ... wielding a +0 trident
              (32 damage)
             ... in a bailey.
             The game lasted 00:24:12 (7704 turns).

DemonSlayer the Firebug (DsFE)                      Turns: 7704, Time: 00:24:14

Health: -17/56     AC: 10    Str: 21    XL:     8   Next: 88%
Magic:  1/16       EV: 14    Int: 29    God:    Cheibriados [**....]
Gold:   757        SH:  0    Dex: 24    Spells: 4/18 levels left

rFire   + . .      SeeInvis .   h - +7 demon trident of Opejom {vamp, Int+4}
rCold   . . .      Faith    .   (no shield)
rNeg    . . .      Spirit   .   a - +0 robe
rPois   .          Reflect  .   l - +1 helmet
rElec   .          Harm     .   (no cloak)
rCorr   .          Rampage  .   c - +2 pair of gloves of Fedhas's Benevolence {+Blink rF+ Int+2}
Will    .....                   (no boots)
Stlth   +++.......              d - amulet of regeneration
HPRegen 0.98/turn               e - +6 ring of strength
MPRegen 0.15/turn               r - ring "Coadeeg" {Dex+6 Slay+5}

@: very slow
A: slimy green scales 2, demonic guardian 1, foul stench 1, wild magic 1,
MP-powered wands
a: Renounce Religion, Evoke Blink, Bend Time


You were in a bailey.
You worshipped Cheibriados.
Cheibriados was pleased with you.
You visited 1 branch of the dungeon, and saw 8 of its levels.
You also visited: Bailey.

You collected 1217 gold pieces.
You spent 460 gold pieces at shops.

Inventory:

Hand Weapons
 g - a +0 dagger
 h - the +7 demon trident of Opejom (weapon) {vamp, Int+4}
   (You bought it in a shop on level 1 of the Dungeon)

   It occasionally heals its wielder for a portion of the damage dealt when it
   wounds a living foe.
   Int:       It affects your intelligence (+4).
 o - the +4 short sword of the Tiger {drain, rPois Will++ Dex-2 Stlth+}
   (You found it on level 3 of the Dungeon)

   A truly terrible weapon, it drains the life of any living foe it strikes.
   Dex:       It affects your dexterity (-2).
   rPois:     It protects you from poison.
   Will:      It greatly increases your willpower.
   Stlth:     It makes you more stealthy.
Armour
 a - a +0 robe (worn)
 c - the +2 pair of gloves of Fedhas's Benevolence (worn) {+Blink rF+ Int+2}
   (You acquired it on level 4 of the Dungeon)

   Int:       It affects your intelligence (+2).
   rF:        It protects you from fire.
   +Blink:    It lets you blink.
 l - a +1 helmet (worn)
Jewellery
 d - an amulet of regeneration (around neck)
 e - a +6 ring of strength (left hand)
 r - the ring "Coadeeg" (right hand) {Dex+6 Slay+5}
   (You found it on level 5 of the Dungeon)

   [ring of dexterity]

   Dex:       It affects your dexterity (+6).
   Slay:      It affects your accuracy & damage with ranged weapons and melee
   (+5).
Wands
 q - a wand of polymorph (9)
Scrolls
 f - 3 scrolls of amnesia
 k - 2 scrolls of enchant armour
 m - 2 scrolls of fear
 x - 2 scrolls of vulnerability
Potions
 b - 3 potions of curing
 i - a potion of ambrosia
 n - a potion of flight
 s - a potion of cancellation


   Skills:
 + Level 1.8 Fighting
 + Level 2.8 Short Blades
 + Level 3.3 Polearms
 + Level 3.2 Dodging
 + Level 4.0 Stealth
 + Level 5.6 Spellcasting
 + Level 2.4 Conjurations
 + Level 6.2 Fire Magic


You had 4 spell levels left.
You knew the following spells:

 Your Spells              Type           Power      Damage    Failure   Level
a - Foxfire               Conj/Fire      100%       2x1d9     2%          1
b - Scorch                Fire           100%       2d10      1%          2
c - Conjure Flame         Conj/Fire      43%        6-21      5%          3
d - Ensorcelled Hibernat  Hex/Ice        20%        N/A       13%         2
e - Passwall              Tmut/Erth      8%         N/A       13%         2
f - Flame Wave            Conj/Fire      43%        2d9       14%         4

Your spell library contained the following spells:

 Spells                   Type           Power      Damage    Failure   Level
 Inner Flame              Hex/Fire       34%        N/A       8%          3
 Animate Skeleton         Necr           20%        N/A       10%         1
 Pain                     Necr           40%        1d6       10%         1
 Sandblast                Erth           20%        2d7       10%         1
 Stone Arrow              Conj/Erth      38%        3d9       16%         3
 Spider Form              Tmut/Pois      10%        N/A       26%         3
 Swiftness                Air            10%        N/A       26%         3
 Vampiric Draining        Necr           10%        2d6       26%         3
 Anguish                  Hex/Necr       5%         N/A       61%         4


Dungeon Overview and Level Annotations

Branches:
Dungeon (8/15)             Temple (0/1) D:4          Bailey (1/1)
   Lair: D:8-11

Altars:
Cheibriados
Dithmenos
Kikubaaqudgha
Wu Jian

Shops:
D:1 (   D:3 (


Innate Abilities, Weirdness & Mutations

You are mostly covered in slimy green scales. (AC +3)
A weak demonic guardian rushes to your aid.
You may rarely emit foul miasma when damaged in melee.
Your spells are a little harder to cast, but a little more powerful.
You expend magic power (3 MP) to strengthen your wands.


Message History

The orc knight roars a battlecry!
The orc knight goes into a battle-frenzy!
The puff of flame misses the orc knight.
The puff of flame hits the orc knight but does no damage.
The orc knight is heavily wounded.
The puff of flame hits the orc knight.
The orc knight is heavily wounded.
The orc knight no longer looks unusually strong.
The orc knight roars a battlecry!
The orc knight goes into a battle-frenzy!
The puff of flame misses the orc knight.
The puff of flame hits the orc knight but does no damage.
The orc knight is heavily wounded.
The puff of flame hits the orc knight.
The orc knight is severely wounded.
The puff of flame hits the orc knight but does no damage.
The orc knight is heavily wounded.
The puff of flame misses the orc knight.
The puff of flame hits the orc knight.
The orc knight is severely wounded.
The puff of flame hits the orc knight but does no damage.
The orc knight is severely wounded.
The puff of flame hits the orc knight but does no damage.
The orc knight is severely wounded.
The now-empty wand crumbles to dust.
Nothing quivered!
Nothing quivered!
Nothing quivered!
Nothing quivered!
Nothing quivered!
Nothing quivered!
Okay, then.
Okay, then.
The orc knight hits you from afar with a +0 halberd!!!
Ouch! That really hurt!
* * * LOW HITPOINT WARNING * * *
A demonic guardian appears!
The orc knight hits you from afar with a +0 trident!!
Ouch! That really hurt!
You die...

######### ##.$$$
.........## .##.$.#
.≈≈≈.§§≈..## ..##.##
≈≈(....≈§..+# ≈..#+#
§...⌠...≈≈..# ≈..#
...⌠∩⌠......# ..##
≈§...oo≈≈..# .##
.≈§≈≈≈≈≈..# ## .......@.#
#############+###5########
)........##.....##........
≈≈≈≈≈≈≈≈..##.∩.##..≈≈≈≈≈≈≈
.......≈≈..## ##).)≈......
######..≈≈.)###).≈)..#####
##..≈≈.....≈≈..##
##..≈≈≈≈≈≈≈..##
##.........##


You could see 2 orc knights and a friendly ufetubus (summoned).

Vanquished Creatures
  Eustachio (D:5)
  A water moccasin (D:6)
  2 ice beasts
  2 orc warriors (Bailey)
  3 ogres
  Blork the orc (D:5)
  A gnoll sergeant (D:5)
  3 scorpions
  3 wights
  A howler monkey (D:8)
  2 centaur zombies (D:5)
  2 jellies (D:6)
  A bullfrog skeleton (D:6)
  An iguana (D:5)
  3 gnolls (D:5)
  6 adders
  An ufetubus (D:5)
  An adder skeleton (D:4)
  A worm (D:4)
  A dart slug (D:3)
  15 orcs
  A ball python (D:2)
  7 endoplasms
  3 giant cockroaches
  9 goblins
  9 hobgoblins
  7 jackals
  5 quokkas
  6 bats
  3 frilled lizards
  4 kobolds
  10 rats
116 creatures vanquished.

Vanquished Creatures (collateral kills)
  3 wights
3 creatures vanquished.

Vanquished Creatures (others)
  108 foxfires
108 creatures vanquished.

Grand Total: 227 creatures vanquished

Notes
Turn   | Place    | Note
-------+----------+-------------------------------------------
     0 | D:1      | DemonSlayer the Demonspawn Fire Elementalist began the
                  | quest for the Orb.
     0 | D:1      | Reached XP level 1. HP: 13/13 MP: 3/3
   209 | D:1      | Found a faded altar of an unknown god.
   358 | D:1      | Reached skill level 3 in Fire Magic
   358 | D:1      | Gained mutation: You are partially covered in slimy green
                  | scales. (AC +2) [demonic ancestry]
   358 | D:1      | Reached XP level 2. HP: 19/19 MP: 1/5
   620 | D:1      | Learned a level 2 spell: Scorch
   628 | D:1      | Found Soig's Antique Weapon Shoppe.
   890 | D:1      | Gained mutation: You may rarely emit foul miasma when
                  | damaged in melee. [demonic ancestry]
   890 | D:1      | Reached XP level 3. HP: 20/24 MP: 6/6
  1856 | D:2      | Reached skill level 1 in Short Blades
  2296 | D:2      | Learned a level 3 spell: Conjure Flame
  2685 | D:3      | Found Xepec's Weapon Boutique.
  2753 | D:3      | Gained mutation: A weak demonic guardian rushes to your
                  | aid. [demonic ancestry]
  2753 | D:3      | Reached XP level 4. HP: 31/31 MP: 7/7
  2796 | D:3      | Identified the +4 short sword of the Tiger {drain, rPois
                  | Will++ Dex-2 Stlth+}
  3985 | D:4      | Found an ornate altar of the Wu Jian Council.
  4127 | D:4      | Found an ancient bone altar of Kikubaaqudgha.
  4140 | D:4      | Reached XP level 5. HP: 10/36 MP: 2/8
  4155 | D:4      | Identified a scroll of acquirement
  4163 | D:4      | Gained mutation: You have a pair of small horns on your
                  | head. [potion of mutation]
  4163 | D:4      | Gained mutation: Your system is resistant to poisons.
                  | (rPois) [potion of mutation]
  4163 | D:4      | Gained mutation: You are dopey. (Int -2) [potion of
                  | mutation]
  4163 | D:4      | Gained mutation: You expend magic power (3 MP) to
                  | strengthen your wands. [potion of mutation]
  4612 | D:2      | Acquired the +2 pair of gloves of Fedhas's Benevolence
                  | {+Blink rF+ Int+2}
  4633 | D:2      | Lost mutation: Your system is resistant to poisons. (rPois)
                  | [potion of mutation]
  4633 | D:2      | Lost mutation: You have a pair of small horns on your head.
                  | [potion of mutation]
  4633 | D:2      | Lost mutation: You are dopey. (Int -2) [potion of mutation]
  4633 | D:2      | Gained mutation: Your spells are a little harder to cast,
                  | but a little more powerful. [potion of mutation]
  4787 | D:4      | Reached skill level 1 in Fighting
  4787 | D:4      | Reached XP level 6. HP: 43/43 MP: 6/10
  5320 | D:4      | Found a staircase to the Ecumenical Temple.
  5369 | D:4      | Found a snail-covered altar of Cheibriados.
  5381 | D:4      | Became a worshipper of Cheibriados the Contemplative
  5507 | D:4      | Learned a level 2 spell: Ensorcelled Hibernation
  5510 | D:4      | Learned a level 2 spell: Passwall
  5512 | D:5      | Entered Level 5 of the Dungeon
  5587 | D:5      | Reached skill level 4 in Fire Magic
  5631 | D:5      | Acquired 950 gold pieces
  5743 | D:1      | Bought a masterwork demon trident for 460 gold pieces
  5743 | D:1      | Identified the +7 demon trident of Opejom {vamp, Int+4}
                  | (You bought it in a shop on level 1 of the Dungeon)
  5850 | D:5      | Found a shadowy altar of Dithmenos.
  5854 | D:5      | Gained mutation: You are mostly covered in slimy green
                  | scales. (AC +3) [demonic ancestry]
  5854 | D:5      | Reached XP level 7. HP: 48/48 MP: 12/12
  6141 | D:5      | Noticed Blork the orc
  6150 | D:5      | Killed Blork the orc
  6151 | D:5      | Reached skill level 1 in Polearms
  6207 | D:5      | Reached skill level 5 in Fire Magic
  6243 | D:5      | Reached * piety under Cheibriados
  6263 | D:5      | Reached XP level 8. HP: 34/54 MP: 1/14
  6363 | D:5      | Noticed Eustachio
  6381 | D:5      | Identified the ring "Coadeeg" {Dex+6 Slay+5}
  6406 | D:5      | Killed Eustachio
  6788 | D:5      | Learned a level 4 spell: Flame Wave
  7087 | D:6      | Reached skill level 5 in Spellcasting
  7348 | D:6      | You fall into a shaft and drop 2 floors!
  7351 | D:8      | Reached skill level 6 in Fire Magic
  7409 | D:7      | Found a flagged portal.
  7417 | Bailey   | Entered a bailey
  7429 | Bailey   | Reached ** piety under Cheibriados
  7621 | Bailey   | Noticed an orc knight
  7621 | Bailey   | Noticed an orc knight
  7704 | Bailey   | Demolished by an orc knight

Illustrated notes

Levels and vault maps discovered:
D:1:      arrival_zaba_pyramid, layout_basic, serial_shops,
          nicolae_shop_behind_doors, basic_ecumenical_altar
D:2:      layout_loops_corners
D:3:      layout_basic, serial_shops, nicolae_shop_advertising_works
          [nicolae_subvault_shop_adworks], serial_rivers,
          chequers_serial_rivers_micro_c, chequers_serial_rivers_marsh,
          chequers_serial_rivers_micro_a, chequers_serial_rivers_small_b,
          chequers_serial_rivers_micro_a, chequers_serial_rivers_room_a,
          corexii_leaking_fountain
D:4:      layout_loops_ring, nicolae_wu_jian_wuxing_cycle,
          kiku_gazebo_pond_becter, slow_altar_2, minmay_temple_entry_poolview,
          roderic_roman_lattice
D:5:      layout_rooms, nicolae_dithmenos_the_darkroom, glass_columns_c,
          minmay_misc_feat_nine_boxes, sword_in_stone
D:6:      layout_basic, lemuel_crystal_altar, palyth_stone_intersect
D:7:      layout_gridville, nicolae_vehumet_altar_sigil,
          mainiacjoe_overflow_tiny_flanked, lightli_bailey_entry_fortress,
          minmay_misc_feat_plants, chequers_decorated_corner, uniq_maggie,
          uniq_harold
D:8:      layout_cave_pods, gammafunk_ghost_spectres, minmay_circle_x
Bailey:   bailey_polearm_1, bailey

Skill      XL: |  1  2  3  4  5  6  7  8 |
---------------+-------------------------+-----
Fire Magic     | 3 4 5 6 |  6.2
Short Blades   | 1 2 |  2.8
Stealth        | 2 3 4 |  4.0
Dodging        | 2 3 |  3.2
Fighting       | 1 |  1.8
Spellcasting   | 3 4 5 |  5.6
Conjurations   | 2 |  2.4
Polearms       | 2 3 |  3.3

Action                   |  1- 3 |  4- 6 |  7- 9 || total
-------------------------+-------+-------+-------++-------
Melee: Short sword       |    90 |    33 |       ||   123
       Demon trident     |       |     5 |    51 ||    56
       Punch             |       |       |     1 ||     1
Throw: Dart              |       |       |     5 ||     5
 Cast: Foxfire           |    19 |    20 |    33 ||    72
       Scorch            |       |    16 |    47 ||    63
Evoke: Wand              |       |       |    25 ||    25
  Use: Scroll            |       |    11 |     6 ||    17
       Potion            |       |     3 |       ||     3
 Stab: Sleeping          |     2 |     2 |     3 ||     7
Armor: Robe              |    34 |     4 |    46 ||    84
Dodge: Dodged            |    67 |    35 |    53 ||   155
